[Event "Reykjavik Open 2024"]
[Site "Reykjavik"]
[Date "2024.03.18"]
[Round "5.40"]
[White "Saine, Zachary"]
[Black "Mendes Aaron Reeve"]
[Result "1-0"]
[ECO "B90"]
[WhiteElo "2010"]
[BlackElo "2309"]
[Annotator "TA"]
[PlyCount "151"]
[EventDate "2024.03.12"]
[EventCountry "ISL"]
[SourceTitle "playchess.com"]
[Source "ChessBase"]
[SourceQuality "1"]
[TimeControl "40/5400+30:1800+30"]

1. e4 c5 2. Nf3 d6 3. d4 cxd4 4. Nxd4 Nf6 5. Nc3 a6 6. f3 e5 7. Nb3 Be6 8. Be3 Be7 9. Qd2 h5 10. Be2 Nbd7 {[%emt 0:00:31] B90: Sizilianisch (Najdorf-Variante, Abweichungen).} 11. Nd5 Nxd5 {[%emt 0:01:40] 11...Bxd5 verdient Beachtung.} 12. exd5 Bf5 13. O-O O-O 14. Na5 Qc7 15. c4 h4 16. b4 Nb8 $146 (16... Rfe8 $14) ({Predecessor:} 16... h3 17. g3 Rac8 18. Rac1 Qb8 19. Rfd1 Bd8 20. Nb3 b6 21. c5 dxc5 22. Bxa6 Rc7 23. bxc5 Nxc5 24. Nxc5 bxc5 {1-0 Andersen,M (2604)-Kovacevic,A (2471) Bundesliga 2223 2022 (1.5)}) 17. c5 $1 $16 dxc5 {[%emt 0:02:41] [#]} 18. Nc4 $1 Bf6 (18... Rd8 $142) 19. Bxc5 Nd7 20. Bxf8 Rxf8 21. Rac1 Qd8 22. Bd3 ({Günstiger ist} 22. Ne3 Bg6 23. Bd3) 22... Bg5 $16 23. Ne3 Bxd3 24. Qxd3 e4 (24... Qb6 $16 25. Rfe1 h3) 25. Qd4 (25. Qxe4 $2 Re8 26. Qg4 Bxe3+ 27. Kh1 Ne5 $19 (27... Bxc1 $2 28. Rxc1 Ne5 29. Qd4 $19) (27... Nf6 $2 28. Qxh4 Bxc1 29. Rxc1 $19)) ({Besser ist} 25. fxe4 $18 {Schwarz muss nun Kh1 beachten.} Ne5 26. Qd4) 25... exf3 $16 26. Rxf3 Re8 27. Rcf1 Ne5 {[%emt 0:00:31] [#]} 28. Rh3 $1 g6 (28... Nc6 $16 29. Qc5 (29. dxc6 $2 Qxd4 30. Kh1 Bxe3 $19) 29... Nxb4) 29. Nc4 $18 Nc6 (29... Nxc4 {war angesagt.} 30. Qxc4 Qd6) 30. Qc5 $18 (30. dxc6 $2 Qxd4+ 31. Kh1 Qxc4 $19) 30... Bf6 31. Qd6 (31. dxc6 $2 Bd4+ 32. Ne3 Bxc5 33. bxc5 bxc6 $19) 31... Bd4+ 32. Kh1 Ne7 33. Rxh4 Bg7 34. Re4 Bf8 (34... b5 {war nötig.} 35. Qxd8 Rxd8 36. Rxe7 bxc4) 35. Rfe1 b5 $2 (35... Qxd6 36. Nxd6 Rd8 37. Nxb7 Rxd5) 36. Qc5 $18 Qb8 37. d6 (37. Rxe7 Bxe7 38. Rxe7 Rxe7 39. Qxe7 bxc4 $11) 37... Rc8 38. Qb6 (38. dxe7 $142 Bxe7 39. Rxe7 Rxc5 40. bxc5 (40. Re8+ Kg7 $18)) 38... Nd5 $18 39. Qxb8 ({Nicht} 39. Qxa6 Nxb4 40. Qb6 bxc4 41. Qxb8 (41. d7 Qxb6 42. dxc8=Q Nd3 $16) 41... Rxb8 $16) 39... Rxb8 40. d7 Nf6 41. Re8 Nxd7 42. Rxb8 Nxb8 43. Re8 Nc6 44. Ne5 Nxe5 45. Rxe5 Bxb4 46. Re8+ Kg7 47. Ra8 a5 48. Rb8 f5 $2 (48... Kf6 49. Rxb5 Ke7) 49. g3 Kh6 (49... Bf8 $142 50. Rxb5 Bb4) 50. Rxb5 $18 Kg5 51. Kg2 Bc3 52. a4 Kh5 53. Kf3 Kg5 54. h3 (54. g4 $142 Bb4 55. gxf5) 54... Kh5 55. g4+ Kg5 56. h4+ Kxh4 57. gxf5 g5 58. f6 Bxf6 59. Rxa5 Kh3 60. Ra6 g4+ 61. Kf4 Bh4 62. Rh6 g3 63. Kf3 g2 64. Rxh4+ Kxh4 65. Kxg2 Kg4 66. a5 Kf5 67. a6 Ke4 68. a7 Kd3 69. a8=Q ({Schlechter ist} 69. a8=B Ke3 $11) 69... Kc2 70. Qf3 Kb1 71. Qe2 Ka1 72. Kf3 Kb1 73. Ke3 Ka1 74. Kd3 Kb1 75. Kc3 Kc1 76. Qf1# 1-0

[Event "Reykjavik Open 2024"]
[Site "Reykjavik"]
[Date "2024.03.18"]
[Round "5.41"]
[White "Reimer, Philip"]
[Black "Zhu, Jiner"]
[Result "0-1"]
[ECO "B61"]
[WhiteElo "2095"]
[BlackElo "2467"]
[Annotator "TA"]
[PlyCount "76"]
[EventDate "2024.03.12"]
[EventCountry "ISL"]
[SourceTitle "playchess.com"]
[Source "ChessBase"]
[SourceQuality "1"]
[TimeControl "40/5400+30:1800+30"]

1. e4 c5 2. Nf3 d6 3. d4 cxd4 4. Nxd4 Nf6 5. Nc3 Nc6 6. Bg5 Bd7 7. Qd2 Rc8 8. O-O-O Nxd4 9. Qxd4 Qa5 10. f4 h6 11. Bxf6 gxf6 12. f5 h5 13. Kb1 Qc5 14. g3 {[%emt 0:20:13] Die Stellung ist ausgeglichen.} h4 15. g4 Bh6 16. Qxc5 Rxc5 17. Nd5 Bg5 18. c4 (18. Nc3 $11 {scheint genauer.}) 18... e6 $15 19. Nc3 Ke7 20. h3 Bf4 21. Bd3 Rhc8 22. Rhf1 Be5 23. Ne2 (23. Rc1 $15) 23... b5 {[%emt 0:06:15] Schwarz steht aktiver.} 24. cxb5 Bxb5 25. Bxb5 (25. Ng1 $17) 25... Rxb5 $19 26. b3 Rb4 27. Rc1 Rxc1+ 28. Rxc1 $2 {[%emt 0:01:53] [#]} (28. Kxc1 {war die einzige Chance.} Rxe4 29. Kd2) 28... Rxe4 {[%emt 0:00:07][%mdl 4096] Endspiel. KRB-KRN} 29. Nc3 (29. Ng1 $142) 29... Re3 30. Nb5 a6 31. Na3 Rxh3 32. Rc7+ Kd8 33. Rxf7 exf5 34. gxf5 Rh1+ 35. Kc2 h3 36. Nc4 h2 {[%emt 0:00:13][%cal Oh1c1] [#] Droht ...Rc1+! und aus.} 37. Nxe5 dxe5 38. Rh7 Ra1 {[%emt 0:00:06] Weiß wurde aus der Eröffnung heraus überfahren.   Gewichteter Fehlerwert: Weiß=0.69/Schwarz=0.04 (makellos) .  Fehler:       	Weiß=5     	---        Ungenau:       	Weiß=2     	---        OK:         	Weiß=6     	Schwarz=8     Bester:       	---       	Schwarz=3} 0-1

[Event "Reykjavik Open 2024"]
[Site "Reykjavik"]
[Date "2024.03.18"]
[Round "5.42"]
[White "Megarbane, Julien"]
[Black "Prado, Alexandra"]
[Result "0-1"]
[ECO "E71"]
[WhiteElo "1632"]
[BlackElo "1877"]
[Annotator "NA RC"]
[PlyCount "94"]
[EventDate "2024.03.12"]
[EventCountry "ISL"]
[SourceTitle "playchess.com"]
[Source "ChessBase"]
[SourceQuality "1"]
[TimeControl "40/5400+30:1800+30"]

1. d4 Nf6 2. c4 g6 3. Nc3 Bg7 4. e4 d6 5. h3 O-O 6. Be3 Nc6 {[%emt 0:01:44] E71: King's Indian: 4 e4 d6 5 h3.} 7. d5 Nb8 8. Be2 e6 9. Nf3 Re8 10. Nd2 exd5 11. cxd5 c5 12. g4 a6 13. a4 Qa5 14. Bf4 Nxe4 15. Ndxe4 Rxe4 16. Bd2 Re8 17. O-O Qd8 18. Bf3 Nd7 19. Bg2 Rb8 20. Qc2 Ne5 21. Rfe1 b5 22. axb5 axb5 23. Bf4 c4 24. Bg3 Bd7 25. Ra6 Nf3+ 26. Bxf3 Rxe1+ 27. Kg2 Rb6 28. Rxb6 Qxb6 29. Ne4 Be5 30. Bxe5 dxe5 31. Qc3 Rxe4 32. Bxe4 Qd4 33. f3 f5 34. gxf5 gxf5 35. Qxd4 exd4 36. Bc2 b4 37. Kf2 Kf7 38. f4 Ke7 39. Ke1 Kd6 40. b3 Kxd5 41. bxc4+ Kxc4 42. Kd2 b3 43. Bd3+ Kb4 44. Bb1 Ka3 45. Kc1 Be6 46. h4 h6 47. h5 Bd7 0-1

[Event "Reykjavik Open 2024"]
[Site "Reykjavik"]
[Date "2024.03.18"]
[Round "5.43"]
[White "Bulmaga, Irina"]
[Black "Fossheim, Yngve"]
[Result "0-1"]
[ECO "B36"]
[WhiteElo "2429"]
[BlackElo "2090"]
[Annotator "TA"]
[PlyCount "82"]
[EventDate "2024.03.12"]
[EventCountry "ISL"]
[SourceTitle "playchess.com"]
[Source "ChessBase"]
[SourceQuality "1"]
[TimeControl "40/5400+30:1800+30"]

1. e4 c5 2. Nf3 Nc6 3. d4 cxd4 4. Nxd4 g6 5. c4 Nf6 6. Nc3 d6 7. Be2 Nxd4 8. Qxd4 Bg7 9. Bg5 O-O 10. Qe3 Qa5 11. O-O Be6 12. Rfc1 Rfc8 13. b3 a6 14. a4 {[%emt 0:05:44] White is slightly better.} Re8 15. Rab1 Qc5 16. Qd2 Qb4 17. Qe1 a5 18. Bd2 Qb6 19. Be3 Qd8 20. h3 Nd7 21. f4 b6 22. Bf3 Nc5 23. Rd1 {[%emt 0:00:30] Against Nd3} Bd7 24. Nd5 e5 {[%emt 0:03:29] [#]} 25. f5 $1 gxf5 26. Bxc5 ({Better is} 26. Nc3 $14) 26... bxc5 $15 27. Nc3 Ra6 28. Rd3 fxe4 (28... f4 $15) 29. Bxe4 $2 (29. Nxe4 $11 {and White stays safe.} f5 30. Nxd6) 29... f5 $19 30. Bd5+ Kh8 31. Rg3 Qf6 (31... Bf6 $19 {...Bh4 is the strong threat.} 32. Qd2 e4) 32. Rd1 (32. Nb5 $17 {might work better.}) 32... e4 33. Kh1 Bh6 34. Qf2 Qe5 {[%emt 0:00:46] [#] Strongly threatening ...f4.} 35. Re1 $2 (35. Ne2) 35... e3 {[%emt 0:00:48] Black is clearly winning.} 36. Rgxe3 Bxe3 37. Qc2 Bc6 38. Nd1 f4 39. Nf2 Bxd5 40. cxd5 Ra7 {[%emt 0:01:30][%cal Oa7g7] Threatens to win with ...Rg7!} 41. Ng4 Qg7 {[%emt 0:31:13] Weighted Error Value: White=0.65/Black=0.32.  Loses game:     	White=1     	---        Mistake:       	White=3     	Black=2      Inaccurate:     	White=2     	Black=1      OK:         	White=9     	Black=9      Best:        	---       	Black=4} 0-1

[Event "Reykjavik Open 2024"]
[Site "Reykjavik"]
[Date "2024.03.18"]
[Round "5.44"]
[White "Roberts, Tallulah"]
[Black "Bokobza, Pierre"]
[Result "1-0"]
[ECO "C84"]
[WhiteElo "1671"]
[BlackElo "1431"]
[Annotator "NA RC"]
[PlyCount "82"]
[EventDate "2024.03.12"]
[EventCountry "ISL"]
[SourceTitle "playchess.com"]
[Source "ChessBase"]
[SourceQuality "1"]
[TimeControl "40/5400+30:1800+30"]

1. e4 e5 2. Nf3 Nc6 3. Bb5 a6 4. Ba4 Nf6 5. d3 b5 6. Bb3 Be7 7. O-O O-O 8. c3 Na5 9. Nxe5 Nxb3 10. axb3 Bd6 11. Nf3 Re8 12. Re1 Ng4 13. h3 Ne5 14. Nxe5 Bxe5 15. d4 Bf6 16. Nd2 d6 17. Qf3 Bb7 18. b4 d5 19. e5 Bg5 20. Nb3 Bxc1 21. Rexc1 Rf8 22. Nc5 Bc8 23. Re1 Be6 24. Nxa6 Ra7 25. Nc5 Qa8 26. Qd1 Ra2 27. Qb1 Rxa1 28. Qxa1 Qc6 29. Qb1 g6 30. g4 f5 31. exf6 Rxf6 32. Qc1 Qd6 33. g5 Rxf2 34. Kxf2 Qh2+ 35. Ke3 Qg3+ 36. Kd2 Qf2+ 37. Kd1 Qf3+ 38. Kc2 Bf5+ 39. Kb3 Kf7 40. Qe3 Qxe3 41. Rxe3 Bc8 1-0

[Event "Reykjavik Open 2024"]
[Site "Reykjavik"]
[Date "2024.03.18"]
[Round "5.45"]
[White "Kazarian, Anna-Maja"]
[Black "Cansdale, Zach"]
[Result "1-0"]
[ECO "B12"]
[WhiteElo "2206"]
[BlackElo "1951"]
[Annotator "RC"]
[PlyCount "53"]
[EventDate "2024.03.12"]
[EventCountry "ISL"]
[SourceTitle "playchess.com"]
[Source "ChessBase"]
[SourceQuality "1"]
[TimeControl "40/5400+30:1800+30"]

1. e4 c6 2. d4 d5 3. f3 e6 4. Nc3 Bb4 5. Bf4 Ne7 6. Nge2 Ng6 7. Bg3 b6 8. a3 Be7 9. e5 O-O 10. Qd2 Ba6 11. Nd1 c5 12. c3 Nc6 13. b4 cxd4 14. cxd4 Bc4 15. h4 Bxh4 16. Bxh4 Nxh4 17. Kf2 Re8 18. Ne3 Ng6 19. Ng4 Nf8 20. Ng3 Ne7 21. Nh5 Nf5 22. Ngf6+ gxf6 23. Nxf6+ Kh8 24. Qg5 Ng7 25. Qh6 Nf5 26. Qxh7+ Nxh7 27. Rxh7# 1-0

[Event "Reykjavik Open 2024"]
[Site "Reykjavik"]
[Date "2024.03.18"]
[Round "6.1"]
[White "Seemann, Jakub"]
[Black "Moussard, Jules"]
[Result "1/2-1/2"]
[ECO "B51"]
[WhiteElo "2451"]
[BlackElo "2621"]
[Annotator "TA"]
[PlyCount "110"]
[EventDate "2024.03.12"]
[EventCountry "ISL"]
[SourceTitle "playchess.com"]
[Source "ChessBase"]
[SourceQuality "1"]
[TimeControl "40/5400+30:1800+30"]

1. e4 c5 2. Nf3 d6 3. Bb5+ Nd7 4. O-O a6 5. Bd3 e6 6. c3 {[%emt 0:05:06] B51: Sicilian: Moscow Variation (3 Bb5+) without 3...Bd7.} Ngf6 7. Re1 Be7 8. Bc2 b5 9. d4 Bb7 10. Nbd2 cxd4 11. cxd4 Rc8 12. Nf1 O-O 13. Ng3 Re8 14. a4 Bc6 $146 ({Predecessor:} 14... Qc7 15. Bd3 Bc6 16. b3 Qb7 17. Qe2 Nf8 18. h3 Ng6 19. Bd2 Bd7 20. Reb1 Ra8 {0-1 Bologan,V (2574)-Harsha,B (2489) Wch Blitz Warsaw 2021 (16)}) 15. axb5 axb5 16. Bd2 Qb6 17. Bb4 Bf8 18. Qd2 Qb7 19. Re2 h6 20. Qe1 Nb8 21. Bd3 Nfd7 22. Rc2 Na6 23. Bd2 Ndb8 (23... Nf6 $11 {remains equal.}) 24. b3 Bd7 (24... d5 $14) 25. Rca2 $1 $16 Qb6 26. Ba5 (26. Qe2 $16) 26... Qb7 $14 27. Bd2 (27. Bc3 $14) 27... Qb6 $1 $16 28. b4 Nc7 {[%emt 0:05:28] [#]} 29. Qb1 ({Better is} 29. Nh5 $1 $18) 29... Nc6 $14 30. Qb2 g6 ({Black should try} 30... Ra8 $14) 31. Ne2 (31. Be3 $16 {[%cal Od4d5] Hoping for d5!} d5 32. Ne5) 31... Bg7 {[%emt 0:01:32] [#]} (31... Qb7 $14) 32. Be3 $1 $16 Qb7 33. Qd2 h5 34. Bf4 e5 35. Bh6 exd4 ({Don't go for} 35... Nxb4 $2 36. Bxg7 Kxg7 (36... Nxa2 37. Qh6 f6 38. Bxf6 Ne6 39. Ng5) 37. Qxb4 $18) 36. Bxg7 Kxg7 37. Nexd4 Ne5 38. Nxe5 dxe5 39. Ra7 (39. Nf5+ $1 $14 {should be considered.} Bxf5 40. exf5) 39... Qb6 $11 40. Nb3 Ra8 41. R7a5 Qd6 42. h4 Rxa5 43. Rxa5 Rb8 44. Nc5 Ne6 45. Ra6 Qc7 46. Nxe6+ Bxe6 47. Qb2 Rd8 48. Bxb5 Rd1+ 49. Kh2 Rd4 50. Bf1 Qe7 51. g3 $1 Qxb4 52. Qxb4 Rxb4 53. Bg2 Rb2 54. Kg1 Rb1+ 55. Kh2 Rb2 1/2-1/2

[Event "Reykjavik Open 2024"]
[Site "Reykjavik"]
[Date "2024.03.18"]
[Round "6.2"]
[White "Deac, Bogdan-Daniel"]
[Black "Steingrimsson, Hedinn"]
[Result "1-0"]
[ECO "C84"]
[WhiteElo "2690"]
[BlackElo "2477"]
[Annotator "TA"]
[PlyCount "139"]
[EventDate "2024.03.12"]
[EventCountry "ISL"]
[SourceTitle "playchess.com"]
[Source "ChessBase"]
[SourceQuality "1"]
[TimeControl "40/5400+30:1800+30"]

1. e4 e5 2. Nf3 Nc6 3. Bb5 a6 4. Ba4 Nf6 5. O-O Be7 6. d3 b5 7. Bb3 d6 8. c3 O-O 9. a4 {[%emt 0:00:45] 9.h3 erhält neuerdings viel Aufmerksamkeit. C84: Spanische Partie (Mittelgambit).} Rb8 10. axb5 axb5 11. h3 b4 12. Re1 bxc3 13. bxc3 Bb7 $146 ({Predecessor:} 13... Re8 14. Be3 h6 15. Nbd2 Bf8 16. g4 Nh7 17. d4 h5 18. Ba4 Bd7 19. gxh5 exd4 20. cxd4 {1-0 Yakubboev,N (2617)-Esipenko,A (2683) Julius Baer Rapid Div 2 L 2023 (3.2)}) 14. Nbd2 Ra8 15. Rb1 Na5 16. Bc2 c5 17. Nf1 Qc7 18. Ng3 Rfb8 19. Nf5 Bf8 20. Bg5 Ne8 21. Ne3 Be7 22. Bxe7 Qxe7 23. d4 f6 24. Bd3 Kh8 25. d5 g6 26. Qe2 Ng7 27. Rb5 Bc8 28. Rxb8 Rxb8 29. Qa2 Qc7 30. Ra1 Nb3 31. Rb1 c4 32. Nxc4 Nc5 33. Rxb8 Qxb8 34. Bc2 Ba6 35. Na5 (35. Ne3 $16) 35... Nh5 $1 $14 36. Nd2 Nf4 37. Kh2 Nfd3 38. Bxd3 Bxd3 39. f3 Qa7 40. Qa3 Nb7 41. Nac4 Qxa3 42. Nxa3 f5 43. Kg3 Kg7 44. c4 Kf6 45. exf5 gxf5 46. f4 e4 (46... Nc5 $142) 47. Kf2 $16 h5 48. g3 ({Besser ist} 48. h4 $1) 48... Na5 (48... Nc5 $142 49. Nb5 Ke7) 49. Ke3 $16 h4 $2 (49... Ke7 $16 {ist eine bessere Chance.} 50. Kd4 Nb7) 50. gxh4 $18 Kg6 51. Kd4 Kh5 52. Nb5 Nb7 53. Ke3 $1 Kxh4 54. Nd4 Kxh3 55. Nxf5 Kg4 56. Nh6+ (56. Nxe4 Bxe4 (56... Kxf5 57. Kxd3 Kxf4 58. Kd4 $11) 57. Nxd6 Bxd5 $11 (57... Nxd6 58. c5 $11)) 56... Kh5 57. Nf7 (57. Nxe4 Bxe4 (57... Bxc4 $2 58. Ng8 $18) 58. Kxe4 Kxh6 $11) (57. Ng8 $142) 57... Kg6 $2 (57... Kg4 58. Ng5 (58. Nxe4 Bxc4 59. Nh6+ Kh5 $16) 58... Na5) 58. Ng5 $18 ({Schwächer ist} 58. Nxe4 Bxe4 (58... Bxc4 59. Nfxd6 Bxd5 60. Nxb7 $11) 59. Nxd6 Nxd6 $11) 58... Na5 59. Ngxe4 Bxc4 60. Nxc4 ({Minderwertig wäre} 60. Nxd6 Bxd5 61. Kf2 Kf6 $11) 60... Nxc4+ {[%emt 0:00:02] [#]} 61. Kd4 $1 Nb6 62. Nxd6 Nd7 63. Ke4 Nc5+ 64. Kf3 Na4 65. Ne4 Kf5 66. d6 Ke6 {[%emt 0:00:32] [#]} 67. f5+ $1 Kd7 68. Ke3 Nb6 69. Kd4 Kc6 70. f6 1-0

[Event "Reykjavik Open 2024"]
[Site "Reykjavik"]
[Date "2024.03.18"]
[Round "6.3"]
[White "Xu, Xiangyu"]
[Black "Nevednichy, Vladislav"]
[Result "1/2-1/2"]
[ECO "C41"]
[WhiteElo "2623"]
[BlackElo "2445"]
[Annotator "TA"]
[PlyCount "107"]
[EventDate "2024.03.12"]
[EventCountry "ISL"]
[SourceTitle "playchess.com"]
[Source "ChessBase"]
[SourceQuality "1"]
[TimeControl "40/5400+30:1800+30"]

1. d4 d6 2. e4 Nf6 3. Nc3 e5 4. Nf3 Nbd7 5. Bc4 Be7 6. O-O O-O 7. a4 c6 8. Re1 b6 9. h3 a6 10. Bd3 (10. Ba2 $14 {kam in Betracht.}) 10... Re8 11. Ne2 Bf8 12. Ng3 g6 13. c3 Bg7 14. Bc2 Qc7 15. Be3 Bb7 16. Qd2 c5 17. d5 c4 18. Nh2 Kh8 19. Rf1 Ng8 (19... b5 $14) 20. Ng4 Bc8 21. Qe2 Rb8 {[%emt 0:02:20] [#]} 22. Kh1 (22. f4 $1 $16) 22... Re7 23. Rae1 Re8 24. Qd1 (24. f4 $14) 24... b5 25. axb5 axb5 26. Qe2 (26. f4 $14) 26... Nc5 27. f4 Bxg4 28. Qxg4 exf4 29. Bxf4 (29. Qxf4 $11 Be5 30. Bd4) 29... b4 $15 30. Qf3 bxc3 31. bxc3 Rb2 32. Re2 Rb7 33. Ref2 Rf8 34. Ne2 Nd7 35. Nd4 Ne5 $1 {[%emt 0:00:10] Wehrt Nc6 ab} 36. Bxe5 dxe5 37. Nc6 Ne7 38. Ba4 Nxc6 (38... Nc8 $11 {hält das Gleichgewicht.}) 39. Bxc6 Rb3 40. Qe3 Qe7 {[%emt 0:03:28] Verhindert Qc5.} 41. Qd2 Qc5 42. Rxf7 Rxf7 43. Rxf7 Rb1+ 44. Kh2 Qg1+ 45. Kg3 {[%emt 0:00:00] Aktives Gegenspiel!} Rd1 46. Qf2 {[%emt 0:00:00][%cal Of7f8] [#] Beabsichtigt Rf8+! und Matt.} Rd3+ 47. Kh4 {[%emt 0:00:00] Droht Matt per Rf8+.} Qxf2+ $1 {[%emt 0:01:16] Die Stellung ist ausgeglichen.} 48. Rxf2 $11 {[%emt 0:00:00][%mdl 4096] Endspiel. KRB-KRB} Bh6 49. Bb5 Bf4 (49... Rxc3 {ist interessant.} 50. d6 Rd3 51. d7 Kg7) 50. Rf3 {[%emt 0:04:50] Wehrt Bg3+ ab} (50. Bxc4 $2 Rxc3 51. Rxf4 exf4 $19) 50... Rxf3 51. gxf3 {[%emt 0:00:03][%cal Od5d6] Droht stark d6!} Kg7 (51... h5 $5 52. d6 $8 (52. Bxc4 $2 Kh7 53. Bf1 Kh6 54. Bg2 g5#) 52... Kh7 $16) 52. d6 $1 {[%emt 0:00:04][%cal Od6d7] Weiss droht d7! und Matt.} (52. Bxc4 $2 {wird mattgesetzt.} h5 (52... Bd2 53. Kg3 $14) 53. Bf1 Kh6 54. Bg2 g5#) 52... h5 {[%emt 0:02:38] ( -> ...Kh6)} 53. d7 $1 (53. Bxc4 $2 {ist ein Selbstmatt.} Kh6 54. Bg8 g5#) 53... Kh6 54. d8=Q {[%emt 0:00:04] Gewichteter Fehlerwert: Weiß=0.15 (sehr präzise) /Schwarz=0.11 (sehr präzise) .  Fehler:       	Weiß=4     	Schwarz=2     Ungenau:       	Weiß=4     	Schwarz=5     OK:         	Weiß=16    	Schwarz=12    Bester:       	Weiß=2     	Schwarz=6     Stark:        	Weiß=2     	Schwarz=2} (54. d8=B $5) 1/2-1/2

[Event "Reykjavik Open 2024"]
[Site "Reykjavik"]
[Date "2024.03.18"]
[Round "6.4"]
[White "Katz, Alexander"]
[Black "Pultinevicius, Paulius"]
[Result "0-1"]
[ECO "B12"]
[WhiteElo "2418"]
[BlackElo "2575"]
[Annotator "TA"]
[PlyCount "74"]
[EventDate "2024.03.12"]
[EventCountry "ISL"]
[SourceTitle "playchess.com"]
[Source "ChessBase"]
[SourceQuality "1"]
[TimeControl "40/5400+30:1800+30"]

1. e4 c6 2. d4 d5 3. e5 Bf5 4. Nf3 e6 5. Be2 Nd7 6. O-O a5 7. Nbd2 a4 8. c3 f6 {[%emt 0:08:26] White has an edge.} 9. Re1 fxe5 10. dxe5 {[%emt 0:02:17] Strongly threatening Nd4.} Bc5 11. Nd4 Ne7 12. g4 Bxd4 13. cxd4 Bg6 14. h4 h5 15. gxh5 Nf5 16. hxg6 $2 {[%emt 0:05:21][%mdl 8192] White does not recover from this.} (16. Ne4 $1 $11 {and White is okay.} Qxh4 (16... dxe4 17. Bg5 $11) 17. Bg5 Qxe4 18. Bg4 Qxe1+ (18... Qxd4 $2 19. Bxf5 Bxf5 20. Qxd4 $18) 19. Qxe1 Bxh5 20. Qd1 (20. Bxf5 Bf3 21. Bg6+ Kf8 22. Qb4+ c5) 20... Bxg4 21. Qxg4) 16... Qxh4 $19 17. Bf3 {[%emt 0:00:30] Inhibits Qh1+.} Rh6 (17... Nxd4 18. Bg2 Nxe5 19. Nf1 $11 (19. Rxe5 Qh2+ 20. Kf1 Qxe5 $11)) 18. Nf1 $2 (18. Bg2 {might work better.} Qh2+ (18... Rxg6 19. Nf3 $17) 19. Kf1 Rxg6 20. Qf3) 18... Rxg6+ 19. Ng3 O-O-O (19... Qxd4 $2 20. Bh5 Nf8 21. Bxg6+ Nxg6 22. Nxf5 Qxd1 23. Nd6+ (23. Rxd1 exf5 24. f4 Nf8 $18) (23. Nxg7+ Kf7 $18) 23... Kd7 24. Rxd1 $18) 20. Kf1 {[%emt 0:02:49] [#] Hoping for Nxf5.} Nxg3+ ({Weaker is} 20... Nxd4 21. Qd3 $11) 21. fxg3 Rxg3 {[%emt 0:01:46] ( -> ...Qh2)} 22. Ke2 {[%emt 0:02:37][%cal Oe1h1] Rh1! is the strong threat.} Qh2+ 23. Kd3 Rf8 {[%emt 0:01:26] Prevents Bf4} 24. Re3 c5 25. Be2 Rf4 26. Kc2 {[%emt 0:06:13] And now Rxg3 would win.} Rxd4 (26... cxd4 27. Rxg3 Rf2 28. Rxg7 Qxe5 29. Be3 (29. Rg8+ Kc7 $16) 29... dxe3 30. Rg8+ Kc7 31. Rc1 $16) 27. Qe1 Rxe3 (27... Rg1 $142 28. Qxg1 Qxg1) 28. Bxe3 {[%emt 0:00:02] [#]} Re4 29. Qd2 Qxe5 (29... Nxe5 30. Rf1 Nc4 31. Bxc4 Rxc4+ (31... Qxd2+ 32. Kxd2 Rxc4 33. b3 $11) 32. Kb1 Qxd2 33. Bxd2 $17) 30. Rh1 {[%emt 0:00:12] Threatens to win with Rh8+.} Rxe3 31. Rh8+ Kc7 32. Qa5+ b6 {[%emt 0:02:07] Black mates.} 33. Qa7+ Kd6 34. Bb5 Qf5+ 35. Kc1 Re1+ 36. Kd2 Qf2+ 37. Kd3 Re3# {[%emt 0:00:11] Weighted Error Value: White=0.93/Black=0.25 (precise) .  Loses game:     	White=1     	---        Mistake:       	White=1     	Black=1      Inaccurate:     	White=1     	Black=1      OK:         	White=4     	Black=11     Best:        	White=5     	Black=5} 0-1

[Event "Reykjavik Open 2024"]
[Site "Reykjavik"]
[Date "2024.03.18"]
[Round "6.5"]
[White "Cramling Bellon, Anna"]
[Black "Spencer, Aaron"]
[Result "0-1"]
[ECO "D46"]
[WhiteElo "2115"]
[BlackElo "1899"]
[Annotator "RC"]
[PlyCount "74"]
[EventDate "2024.03.12"]
[EventCountry "ISL"]
[SourceTitle "playchess.com"]
[Source "ChessBase"]
[SourceQuality "1"]
[TimeControl "40/5400+30:1800+30"]

1. d4 d5 2. c4 c6 3. Nc3 Nf6 4. Nf3 e6 5. e3 Nbd7 6. Bd3 dxc4 7. Bxc4 b5 8. Bd3 Bd6 9. O-O O-O 10. e4 e5 11. h3 Re8 12. Be3 b4 13. Ne2 c5 14. dxe5 Bxe5 15. Nxe5 Nxe5 16. Bb5 Bd7 17. Bxd7 Qxd7 18. Bxc5 Qb5 19. Bd4 Rad8 20. Qd2 Nxe4 21. Qc2 Nf3+ 22. gxf3 Ng5 23. Be3 Nxf3+ 24. Kg2 Qd5 25. Kg3 Ng5 26. Bxg5 Qxg5+ 27. Kh2 Rd2 28. Qb3 Rexe2 29. Qf3 Qe5+ 30. Kg1 h6 31. Rac1 Kh7 32. Rc4 Rxb2 33. Qxf7 Qg3+ 34. Kh1 Qxh3+ 35. Kg1 Qg3+ 36. Kh1 Rxf2 37. Rxf2 Rxf2 0-1

[Event "Reykjavik Open 2024"]
[Site "Reykjavik"]
[Date "2024.03.18"]
[Round "6.6"]
[White "Belenkaya, Dina"]
[Black "Carey, Michael"]
[Result "1-0"]
[ECO "A57"]
[WhiteElo "2164"]
[BlackElo "1880"]
[Annotator "RC"]
[PlyCount "69"]
[EventDate "2024.03.12"]
[EventCountry "ISL"]
[SourceTitle "playchess.com"]
[Source "ChessBase"]
[SourceQuality "1"]
[TimeControl "40/5400+30:1800+30"]

1. d4 Nf6 2. c4 c5 3. d5 b5 4. cxb5 a6 5. e3 g6 6. Nc3 Bg7 7. a4 O-O 8. Bc4 axb5 9. Bxb5 Bb7 10. Nge2 e6 11. e4 Na6 12. O-O exd5 13. exd5 Nc7 14. Bc4 Ba6 15. Bxa6 Rxa6 16. Qd3 Qa8 17. Rd1 d6 18. Ng3 Rb8 19. Qf3 Rb3 20. Ra3 Rb4 21. h3 Nd7 22. Nge4 Ne5 23. Qe2 h6 24. Nb5 Nxd5 25. Nexd6 Raxa4 26. Bxh6 Rxb2 27. Qxb2 Nf3+ 28. gxf3 Bxb2 29. Rxa4 Qxa4 30. Rxd5 Qh4 31. Be3 c4 32. Ne4 Qxh3 33. Rd8+ Kg7 34. Nbd6 Qxf3 35. Ne8+ 1-0